 Dungeon Sprint DCSS version 0.22-a0-414-gacd343e8ff (webtiles) character file.

1441 Denreik the Fighter (level 9, 0/88 HPs)
             Began as a Formicid Fighter on May 14, 2018.
             Was a Believer of Qazlal.
             Slain by a troll (8 damage)
             ... in the Dungeon (Sprint IX: "|||||||||||||||||||||||||||||").
             The game lasted 00:03:53 (918 turns).

Denreik the Fighter (Formicid Fighter)               Turns: 918, Time: 00:03:53

Health: 0/88       AC: 10    Str: 23    XL:     9   Next: 4%
Magic:  9/9        EV: 10    Int:  9    God:    Qazlal [**....]
Gold:   0          SH: 16    Dex: 13    Spells: 8/8 levels left

rFire    . . .     SeeInvis +   a - +0 lajatang
rCold    . . .     Gourm    .   c - +0 shield
rNeg     . . .     Faith    .   u - +1 chain mail
rPois    .         Spirit   .   (helmet unavailable)
rElec    .         Reflect  .   (no cloak)
rCorr    .         Harm     .   (no gloves)
MR       .....                  (no boots)
Stlth    ..........             (no amulet)
HPRegen  0.24/turn              v - +2 ring of evasion
MPRegen  0.11/turn              w - +3 ring of dexterity

@: no status effects
A: permanent stasis, dig shafts and tunnels, four strong arms, antennae 3
a: Dig, Upheaval, Renounce Religion


You were in the Dungeon.
You worshipped Qazlal.
Qazlal was pleased with you.
You were not hungry.

You visited 1 branch

Inventory:

Hand Weapons
 a - a +0 lajatang (weapon)
 b - a +2 halberd of venom
 m - a +0 dagger
 s - a +2 dire flail of protection
Armour
 c - a +0 shield (worn)
 u - a +1 chain mail (worn)
Magical Staves
 r - an uncursed staff of energy
Jewellery
 v - a +2 ring of evasion (left hand)
 w - a +3 ring of dexterity (right hand)
Wands
 q - a wand of acid (10)
Scrolls
 k - 2 scrolls of blinking
 o - 3 scrolls of remove curse
 p - 2 scrolls of amnesia
Potions
 d - a potion of might
 e - 4 potions of curing
 g - 3 potions of heal wounds
 h - a potion of haste
 i - 4 potions of magic
 j - a potion of berserk rage
 n - a potion of invisibility
Comestibles
 f - a ration


   Skills:
 - Level 14.4 Fighting
 - Level 10.2 Staves
 - Level 3.2 Armour
 * Level 11.0 Shields


You had 8 spell levels left.
You didn't know any spells.
Your spell library was empty.

Dungeon Overview and Level Annotations

Branches:
Dungeon (1/1)

Altars:
Cheibriados
Dithmenos
Elyvilon
Fedhas
Gozag
Hepliaklqana
Kikubaaqudgha
Makhleb
Nemelex Xobeh
Okawaru
Qazlal
Ru
Sif Muna
Trog
Uskayaw
Vehumet
Wu Jian
Xom
Yredelemnul
Zin
The Shining One
Beogh
Jiyva
Lugonu


Innate Abilities, Weirdness & Mutations

You cannot be hasted, slowed, berserked, paralysed or teleported.
You can dig through walls and to a lower floor.
Your four strong arms can wield two-handed weapons with a shield.
You have a pair of large antennae on your head. (SInv)


Message History

You have reached level 9!
Your experience leads to an increase in your attributes!
Your base attributes are Str 22, Int 9, Dex 10.
Increase (S)trength, (I)ntelligence, or (D)exterity?
You feel stronger.
You barely miss the troll. You block the troll's attack. x3
You barely miss the troll. You block the troll's attack. x2
The troll closely misses you.
Your chain mail prevents you from hitting the troll.
The troll bites you but does no damage. The troll claws you.
You block the troll's attack.
Your chain mail prevents you from hitting the troll.
The troll bites you!
* * * LOW HITPOINT WARNING * * *
You block the troll's attack. The troll claws you!
* * * LOW HITPOINT WARNING * * *
You hit the troll but do no damage. The troll bites you.
* * * LOW HITPOINT WARNING * * *
You block the troll's attack. The troll claws you!
You die...

▓.▓
▓.▓
▓.▓
▓.▓
▓.▓
▓c▓
▓T▓
▓@▓
▓.▓
▓.▓
▓.▓
▓.▓
▓.▓
▓)▓
▓[▓
{
▓.▓


You could see a troll and a centaur.

Vanquished Creatures
  A two-headed ogre (D)
  A manticore (D)
  An eye of draining (D)
  An ogre (D)
  2 bullfrogs (D)
  A crimson imp (D)
  An orc priest (D)
  A jelly (D)
  An iguana (D)
  2 leopard geckos (D)
  2 orcs (D)
  A bat skeleton (D)
  A bat zombie (D)
  3 kobolds (D)
  A rat (D)
20 creatures vanquished.

Notes
Turn   | Place    | Note
-------+----------+-------------------------------------------
     0 | D        | Denreik the Formicid Fighter began the quest for the Orb.
     0 | D        | Reached XP level 1. HP: 18/18 MP: 1/1
     7 | D        | Reached skill level 4 in Fighting
    10 | D        | Reached XP level 2. HP: 26/26 MP: 2/2
   133 | D        | Reached skill level 5 in Fighting
   133 | D        | Reached XP level 3. HP: 33/34 MP: 3/3
   139 | D        | Reached skill level 6 in Fighting
   139 | D        | Reached XP level 4. HP: 35/41 MP: 4/4
   146 | D        | Reached skill level 7 in Fighting
   284 | D        | Found a roughly hewn altar of Beogh.
   284 | D        | Found a snail-covered altar of Cheibriados.
   284 | D        | Found a shadowy altar of Dithmenos.
   284 | D        | Found a white marble altar of Elyvilon.
   284 | D        | Found a blossoming altar of Fedhas.
   284 | D        | Found an opulent altar of Gozag.
   285 | D        | Found a hazy altar of Hepliaklqana.
   286 | D        | Found a viscous altar of Jiyva.
   287 | D        | Found an ancient bone altar of Kikubaaqudgha.
   288 | D        | Found a corrupted altar of Lugonu.
   289 | D        | Found a burning altar of Makhleb.
   290 | D        | Found a sparkling altar of Nemelex Xobeh.
   291 | D        | Found an iron altar of Okawaru.
   292 | D        | Found a stormy altar of Qazlal.
   293 | D        | Found a sacrificial altar of Ru.
   294 | D        | Found a deep blue altar of Sif Muna.
   295 | D        | Found a bloodstained altar of Trog.
   296 | D        | Found a hide-covered altar of Uskayaw.
   297 | D        | Found a radiant altar of Vehumet.
   298 | D        | Found an ornate altar of the Wu Jian Council.
   299 | D        | Found a shimmering altar of Xom.
   300 | D        | Became a worshipper of Qazlal Stormbringer
   301 | D        | Found a basalt altar of Yredelemnul.
   302 | D        | Found a glowing silver altar of Zin.
   303 | D        | Found a glowing golden altar of the Shining One.
   347 | D        | Noticed a bullfrog
   347 | D        | Noticed an eye of draining
   347 | D        | Noticed an ogre
   352 | D        | Killed an ogre
   352 | D        | Reached skill level 9 in Fighting
   352 | D        | Reached XP level 5. HP: 51/52 MP: 0/5
   357 | D        | Killed an eye of draining
   357 | D        | Reached * piety under Qazlal
   357 | D        | Reached skill level 10 in Fighting
   357 | D        | Reached skill level 10 in Shields
   357 | D        | Reached XP level 6. HP: 61/61 MP: 0/6
   358 | D        | Reached skill level 11 in Fighting
   361 | D        | Reached XP level 7. HP: 68/68 MP: 1/7
   363 | D        | Reached ** piety under Qazlal
   427 | D        | Noticed a troll
   427 | D        | Noticed a manticore
   427 | D        | Noticed a two-headed ogre
   438 | D        | Killed a two-headed ogre
   438 | D        | Reached skill level 12 in Fighting
   438 | D        | Reached skill level 10 in Staves
   438 | D        | Reached XP level 8. HP: 16/78 MP: 3/8
   913 | D        | Killed a manticore
   913 | D        | Reached skill level 14 in Fighting
   913 | D        | Reached XP level 9. HP: 28/88 MP: 9/9
   918 | D        | Slain by a troll

Vault maps used:
D:        linesprint

Skill      XL: |  1  2  3  4  5  6  7  8 |
---------------+-------------------------+-----
Shields        | 4 6 7 9 10 11 | 11.0
Fighting       | 4 5 6 9 10 11 12 14 | 14.4
Staves         | 4 10 | 10.2
Armour         | |  3.2

Action                   |  1- 3 |  4- 6 |  7- 9 || total
-------------------------+-------+-------+-------++-------
Melee: Quarterstaff      |    23 |     7 |       ||    30
       Lajatang          |       |    12 |    31 ||    43
Invok: Upheaval          |       |       |     1 ||     1
  Use: Potion            |       |       |     1 ||     1
Armor: Scale mail        |     3 |     2 |       ||     5
       Chain mail        |       |     2 |     4 ||     6
Dodge: Dodged            |     7 |     3 |    10 ||    20
Block: Shield            |     5 |     9 |    26 ||    40

Table legend:
 A = Spawn XP
 B = Non-spawn XP
 C = Spawn XP percentage of total XP
 D = Spawn monster count
 E = Non-spawn monster count
 F = Spawn count percentage of total count
 G = Total turns spent on level
                    A         B        C        D         E        F      G
               +---------+---------+-------+---------+---------+-------+---------
         Total |       0 |    2059 |   0.0 |       0 |      20 |   0.0 |   918
               +---------+---------+-------+---------+---------+-------+---------
             D |       0 |    2059 |   0.0 |       0 |      20 |   0.0 |   918
               +---------+---------+-------+---------+---------+-------+---------
